[ AOE2 MATCH · #467517841 ]
Team RMFranks vs Franks
[ REPLAY ANALYSIS · EXTRACTED FROM THE RECORDED GAME ]
Feudal
11:45
Castle
21:55
Imperial
39:29
| APM avg | 21.5 |
| APM peak | 67 |
| eAPM avg | 16.6 |
| Villagers / military | 155 / 617 |
Focus
⚔️ 59.7% · 🌾 40.3%
Spearman ×305 · Knight ×167 · Scout Cavalry ×128 · Trade Cart ×10 · Bombard Cannon ×5 · Trebuchet (Packed) ×4
Feudal
12:28
Castle
17:35
Imperial
35:33
| APM avg | 12.3 |
| APM peak | 27 |
| eAPM avg | 8.7 |
| Villagers / military | 101 / 683 |
Focus
⚔️ 42.8% · 🌾 57.2%
Scout Cavalry ×188 · Knight ×159 · Spearman ×122 · Militia ×103 · Throwing Axeman ×103 · Trade Cart ×20
Feudal
17:14
Castle
23:40
Imperial
32:34
| APM avg | 15.4 |
| APM peak | 53 |
| eAPM avg | 13.6 |
| Villagers / military | 102 / 981 |
Focus
⚔️ 69.4% · 🌾 30.6%
Huskarl ×516 · Spearman ×432 · Trade Cart ×12 · Petard ×12 · Bombard Cannon ×8 · Battering Ram ×7
Feudal
11:04
Castle
19:22
Imperial
32:04
| APM avg | 21.9 |
| APM peak | 60 |
| eAPM avg | 13.6 |
| Villagers / military | 286 / 555 |
Focus
⚔️ 30.2% · 🌾 69.8%
Skirmisher ×290 · Scout Cavalry ×185 · Bombard Cannon ×35 · Cavalry Archer ×22 · Scorpion ×8 · Mangonel ×4
Feudal
11:20
Castle
19:06
Imperial
33:58
| APM avg | 22.2 |
| APM peak | 66 |
| eAPM avg | 18.9 |
| Villagers / military | 130 / 864 |
Focus
⚔️ 64.1% · 🌾 35.9%
Jaguar Warrior ×325 · Skirmisher ×297 · Spearman ×122 · Eagle Scout ×81 · Trade Cart ×48 · Trebuchet (Packed) ×23
Feudal
12:54
Castle
27:46
Imperial
36:29
| APM avg | 13.5 |
| APM peak | 81 |
| eAPM avg | 10.2 |
| Villagers / military | 96 / 349 |
Focus
⚔️ 51.9% · 🌾 48.1%
Archer ×121 · Skirmisher ×95 · Spearman ×79 · Eagle Scout ×32 · Plumed Archer ×17 · Trebuchet (Packed) ×5
Match map
Initial resources + every placement click. Lines = walls · curves = elevation contours. ◆ gold · ⬟ stone · ● berries · ✦ relic · ◌ wall gap
Your base· ✓ Closed at 21:55 · 0t walls · 2 gate(s)
da_cops927's base· ✓ Closed at 17:35 · 0t walls · 3 gate(s)
jeanpierredelapuente's base· ✓ Closed at 23:40 · 0t walls · 3 gate(s)
Epicardo's base· ✓ Closed at 19:22 · 0t walls · 2 gate(s)
Hamzah_IronX's base· ✓ Closed at 19:06 · 0t walls · 2 gate(s)
✪Louis's base· ✓ Closed at 27:46 · 0t walls · 2 gate(s)
Smoothed initial terrain · ◌ = detected wall gap · hover for details
Inputs per minute
— ChAp - - da_cops927
Build order — ChAp
First 150 of 1015 actions detected
| 0:04 | Build | House |
| 0:08 | Build | House |
| 0:13 | Create | Villager (Male) |
| 0:13 | Create | Villager (Male) |
| 0:13 | Create | Villager (Male) |
| 0:15 | Research | Loom |
| 0:19 | Create | Villager (Male) |
| 1:45 | Create | Villager (Male) |
| 2:12 | Create | Villager (Male) |
| 2:12 | Create | Villager (Male) |
| 3:12 | Build | Lumber Camp |
| 3:25 | Create | Villager (Male) |
| 3:26 | Create | Villager (Male) |
| 3:27 | Create | Villager (Male) |
| 4:04 | Build | House |
| 4:07 | Build | House |
| 4:46 | Create | Villager (Male) |
| 4:47 | Create | Villager (Male) |
| 4:47 | Create | Villager (Male) |
| 4:47 | Create | Villager (Male) |
| 5:43 | Create | Villager (Male) |
| 5:43 | Create | Villager (Male) |
| 6:26 | Build | Mill |
| 7:10 | Build | Lumber Camp |
| 7:25 | Create | Villager (Male) |
| 7:26 | Create | Villager (Male) |
| 7:26 | Create | Villager (Male) |
| 7:26 | Create | Villager (Male) |
| 7:58 | Build | Farm |
| 8:41 | Build | Farm |
| 9:01 | Build | Farm |
| 9:07 | Build | Farm |
| 9:15 | Build | Farm |
| 9:35 | Research | Feudal Age |
| 9:35 | Create | Villager (Male) |
| 9:36 | Create | Villager (Male) |
| 10:15 | Create | Villager (Male) |
| 10:15 | Create | Villager (Male) |
| 10:34 | Build | Mining Camp |
| 11:28 | Build | House |
| 11:30 | Build | House |
| 11:45 | Age | Feudal Age |
| 11:50 | Research | Double-Bit Axe |
| 12:23 | Research | Wheelbarrow |
| 12:24 | Research | Town Watch |
| 13:52 | Build | Market |
| 13:58 | Build | Blacksmith |
| 14:15 | Build | Blacksmith |
| 14:18 | Create | Villager (Male) |
| 14:19 | Create | Villager (Male) |
| 14:19 | Create | Villager (Male) |
| 14:19 | Create | Villager (Male) |
| 14:38 | Build | Mining Camp |
| 14:49 | Create | Villager (Male) |
| 14:50 | Create | Villager (Male) |
| 14:56 | Build | Farm |
| 15:06 | Build | Mill |
| 15:15 | Build | Farm |
| 15:20 | Create | Villager (Male) |
| 15:21 | Create | Villager (Male) |
| 15:26 | Build | Farm |
| 15:31 | Build | Farm |
| 15:35 | Build | Farm |
| 16:00 | Build | Barracks |
| 16:05 | Build | Farm |
| 16:16 | Build | Farm |
| 16:26 | Build | Farm |
| 16:35 | Build | Farm |
| 17:18 | Create | Villager (Male) |
| 17:19 | Create | Villager (Male) |
| 17:26 | Build | House |
| 17:28 | Build | House |
| 17:32 | Build | House |
| 17:46 | Create | Villager (Male) |
| 18:02 | Build | Farm |
| 18:05 | Build | Farm |
| 18:13 | Research | Castle Age |
| 18:24 | Build | Stable |
| 18:34 | Research | Stone Mining |
| 18:35 | Research | Gold Mining |
| 18:48 | Research | Gold Mining |
| 19:49 | Create | Spearman |
| 19:50 | Create | Spearman |
| 19:56 | Create | Spearman |
| 19:57 | Create | Spearman |
| 20:01 | Build | House |
| 20:04 | Build | House |
| 20:05 | Build | House |
| 20:07 | Build | House |
| 20:08 | Build | House |
| 20:10 | Build | House |
| 20:20 | Create | Scout Cavalry |
| 20:20 | Create | Scout Cavalry |
| 20:20 | Create | Scout Cavalry |
| 20:57 | Build | Stable |
| 21:19 | Create | Villager (Male) |
| 21:19 | Create | Villager (Male) |
| 21:34 | Create | Scout Cavalry |
| 21:46 | Create | Villager (Male) |
| 21:47 | Create | Villager (Male) |
| 21:55 | Age | Castle Age |
| 21:59 | Create | Trade Cart |
| 22:00 | Create | Trade Cart |
| 22:31 | Research | Light Cavalry (upgrade) |
| 22:37 | Research | Husbandry |
| 23:08 | Build | Town Center |
| 23:16 | Research | Bow Saw |
| 24:15 | Build | Castle |
| 24:22 | Research | Gold Shaft Mining |
| 24:37 | Research | Hand Cart |
| 24:37 | Create | Villager (Male) |
| 24:37 | Create | Villager (Male) |
| 24:38 | Create | Villager (Male) |
| 24:38 | Create | Villager (Male) |
| 24:52 | Create | Villager (Male) |
| 24:52 | Create | Villager (Male) |
| 25:11 | Build | University |
| 25:30 | Create | Villager (Male) |
| 25:31 | Create | Villager (Male) |
| 25:31 | Create | Villager (Male) |
| 25:31 | Create | Villager (Male) |
| 26:23 | Build | Town Center |
| 26:47 | Build | Barracks |
| 27:20 | Create | Villager (Male) |
| 27:20 | Create | Villager (Male) |
| 27:46 | Research | Pikeman (upgrade) |
| 27:51 | Research | Squires |
| 28:05 | Build | Castle |
| 28:09 | Create | Spearman |
| 28:09 | Create | Spearman |
| 28:10 | Create | Spearman |
| 28:10 | Create | Spearman |
| 28:10 | Create | Spearman |
| 28:19 | Build | Barracks |
| 28:30 | Create | Villager (Male) |
| 28:30 | Create | Villager (Male) |
| 28:31 | Create | Villager (Male) |
| 28:32 | Create | Villager (Male) |
| 28:32 | Create | Villager (Male) |
| 28:33 | Create | Villager (Male) |
| 28:33 | Create | Villager (Male) |
| 28:36 | Create | Villager (Male) |
| 28:36 | Create | Villager (Male) |
| 28:37 | Create | Villager (Male) |
| 28:37 | Create | Villager (Male) |
| 28:41 | Research | Fortified Wall (upgrade) |
| 28:55 | Create | Villager (Male) |
| 28:59 | Create | Villager (Male) |
| 29:09 | Build | Lumber Camp |
| 29:23 | Create | Knight |
Build order — da_cops927
First 150 of 466 actions detected
| 0:06 | Create | Villager (Male) ×4 |
| 0:09 | Build | House |
| 0:14 | Build | House |
| 1:53 | Create | Villager (Male) |
| 1:54 | Create | Villager (Male) |
| 1:58 | Research | Loom |
| 2:39 | Create | Villager (Male) |
| 2:39 | Create | Villager (Male) |
| 3:12 | Create | Villager (Male) |
| 3:12 | Create | Villager (Male) |
| 3:30 | Create | Villager (Male) |
| 3:31 | Create | Villager (Male) |
| 4:33 | Create | Villager (Male) |
| 4:34 | Create | Villager (Male) |
| 5:10 | Build | House |
| 5:32 | Build | Mill |
| 5:43 | Create | Villager (Male) |
| 5:43 | Create | Villager (Male) |
| 6:42 | Create | Villager (Male) |
| 6:42 | Create | Villager (Male) |
| 7:24 | Build | Mining Camp |
| 7:40 | Build | House |
| 7:42 | Create | Villager (Male) |
| 8:38 | Create | Villager (Male) |
| 8:39 | Create | Villager (Male) |
| 8:42 | Create | Villager (Male) |
| 8:42 | Create | Villager (Male) |
| 9:18 | Build | Lumber Camp |
| 10:13 | Research | Feudal Age |
| 10:20 | Build | Farm |
| 10:24 | Build | Farm |
| 10:28 | Build | Farm |
| 10:55 | Build | Farm |
| 11:12 | Build | Farm |
| 12:08 | Build | Farm |
| 12:28 | Age | Feudal Age |
| 12:35 | Create | Villager (Male) |
| 12:35 | Create | Villager (Male) |
| 12:49 | Build | Market |
| 13:10 | Build | Blacksmith |
| 13:27 | Build | House |
| 14:14 | Build | Farm |
| 14:23 | Build | Farm |
| 14:25 | Create | Villager (Male) |
| 14:55 | Research | Castle Age |
| 15:17 | Research | Double-Bit Axe |
| 15:32 | Build | Barracks |
| 16:37 | Build | House |
| 17:22 | Build | Stable |
| 17:27 | Research | Scale Mail Armor |
| 17:32 | Research | Scale Barding Armor |
| 17:35 | Age | Castle Age |
| 17:42 | Create | Villager (Male) |
| 17:42 | Create | Villager (Male) |
| 17:42 | Create | Villager (Male) |
| 18:01 | Build | Town Center |
| 18:29 | Build | Farm |
| 19:16 | Create | Villager (Male) |
| 19:16 | Create | Villager (Male) |
| 19:51 | Build | Farm |
| 19:53 | Build | Farm |
| 19:56 | Build | Farm |
| 20:01 | Build | Farm |
| 20:03 | Build | Farm |
| 20:09 | Create | Knight |
| 20:09 | Create | Knight |
| 20:10 | Create | Knight |
| 20:10 | Create | Knight |
| 20:13 | Create | Villager (Male) |
| 20:14 | Create | Villager (Male) |
| 20:26 | Research | Gold Mining |
| 20:37 | Research | Forging |
| 20:40 | Create | Villager (Male) |
| 21:15 | Build | Stable |
| 21:26 | Create | Villager (Male) |
| 21:32 | Create | Villager (Male) |
| 21:51 | Build | House |
| 22:09 | Build | Farm |
| 22:18 | Build | House |
| 22:33 | Create | Villager (Male) |
| 22:33 | Create | Villager (Male) |
| 22:34 | Create | Villager (Male) |
| 22:34 | Create | Villager (Male) |
| 22:43 | Research | Bow Saw |
| 23:25 | Research | Chain Barding Armor |
| 23:28 | Create | Knight |
| 23:28 | Create | Knight |
| 23:31 | Create | Knight |
| 23:40 | Build | Lumber Camp |
| 23:44 | Create | Villager (Male) |
| 23:56 | Create | Villager (Male) |
| 24:39 | Build | Stable |
| 24:43 | Create | Knight |
| 24:44 | Create | Knight |
| 24:44 | Create | Knight |
| 24:52 | Build | House |
| 25:29 | Build | House |
| 25:54 | Create | Knight |
| 25:54 | Create | Knight |
| 26:04 | Build | Town Center |
| 26:09 | Create | Villager (Male) |
| 26:09 | Create | Villager (Male) |
| 26:10 | Create | Villager (Male) |
| 26:10 | Create | Villager (Male) |
| 26:10 | Create | Villager (Male) |
| 26:10 | Create | Villager (Male) |
| 26:25 | Create | Knight |
| 26:25 | Create | Knight |
| 26:46 | Build | Farm |
| 26:57 | Build | Farm |
| 27:09 | Create | Knight |
| 27:09 | Create | Knight |
| 27:09 | Create | Knight |
| 27:09 | Create | Knight |
| 27:15 | Build | House |
| 27:36 | Build | Farm |
| 28:02 | Build | House |
| 28:05 | Create | Villager (Male) |
| 28:05 | Create | Villager (Male) |
| 28:05 | Create | Villager (Male) |
| 28:05 | Create | Villager (Male) |
| 28:06 | Create | Villager (Male) |
| 28:06 | Create | Villager (Male) |
| 28:48 | Build | Farm |
| 28:51 | Build | Farm |
| 28:58 | Build | House |
| 29:01 | Create | Knight |
| 29:02 | Create | Knight |
| 29:06 | Build | Farm |
| 29:14 | Create | Villager (Male) |
| 29:14 | Create | Villager (Male) |
| 29:18 | Create | Villager (Male) |
| 29:21 | Create | Villager (Male) |
| 29:22 | Create | Villager (Male) |
| 29:34 | Create | Knight |
| 29:34 | Create | Knight |
| 29:49 | Build | Stable |
| 29:53 | Build | Farm |
| 29:59 | Build | Farm |
| 30:00 | Build | Farm |
| 30:05 | Build | Farm |
| 30:26 | Build | Farm |
| 30:29 | Create | Villager (Male) |
| 30:31 | Create | Villager (Male) |
| 30:43 | Build | Mining Camp |
| 31:01 | Build | University |
| 31:11 | Build | Monastery |
| 31:15 | Create | Knight |
| 31:15 | Create | Knight |
| 31:39 | Build | House |
Build order — jeanpierredelapuente
First 150 of 1041 actions detected
| 0:05 | Create | Villager (Male) ×4 |
| 0:05 | Create | Villager (Male) ×4 |
| 0:12 | Build | House |
| 0:13 | Build | House |
| 0:15 | Build | House |
| 0:16 | Build | House |
| 1:46 | Create | Villager (Male) |
| 1:46 | Create | Villager (Male) |
| 2:46 | Create | Villager (Male) |
| 3:16 | Create | Villager (Male) |
| 3:18 | Create | Villager (Male) |
| 3:28 | Build | Mill |
| 3:48 | Create | Villager (Male) |
| 4:13 | Create | Villager (Male) |
| 4:22 | Create | Villager (Male) |
| 4:35 | Create | Villager (Male) |
| 5:15 | Create | Villager (Male) |
| 5:38 | Create | Villager (Male) |
| 5:51 | Create | Villager (Male) |
| 6:45 | Build | Lumber Camp |
| 6:50 | Create | Villager (Male) |
| 6:50 | Create | Villager (Male) |
| 7:13 | Create | Villager (Male) |
| 8:21 | Create | Villager (Male) |
| 8:21 | Create | Villager (Male) |
| 8:22 | Create | Villager (Male) |
| 8:45 | Build | House |
| 8:46 | Build | House |
| 8:48 | Build | House |
| 8:50 | Build | House |
| 8:53 | Build | House |
| 8:54 | Build | House |
| 8:56 | Build | House |
| 8:57 | Build | House |
| 8:59 | Build | House |
| 9:08 | Create | Villager (Male) |
| 9:18 | Build | Farm |
| 9:19 | Build | Farm |
| 9:21 | Build | Farm |
| 9:24 | Build | Farm |
| 9:28 | Build | Farm |
| 9:29 | Build | Farm |
| 9:37 | Build | Farm |
| 9:50 | Build | Farm |
| 10:04 | Build | Farm |
| 10:29 | Create | Villager (Male) |
| 10:29 | Create | Villager (Male) |
| 10:30 | Create | Villager (Male) |
| 10:30 | Create | Villager (Male) |
| 10:30 | Create | Villager (Male) |
| 11:00 | Build | Farm |
| 11:01 | Build | Farm |
| 11:03 | Build | Farm |
| 11:04 | Build | Farm |
| 11:10 | Create | Villager (Male) |
| 11:11 | Create | Villager (Male) |
| 11:40 | Create | Villager (Male) |
| 12:36 | Build | Farm |
| 12:38 | Build | Farm |
| 12:40 | Build | Farm |
| 12:42 | Build | Farm |
| 12:43 | Build | Farm |
| 12:44 | Build | Farm |
| 12:46 | Build | Farm |
| 12:47 | Build | Farm |
| 12:52 | Build | Farm |
| 12:58 | Create | Villager (Male) |
| 12:59 | Create | Villager (Male) |
| 13:35 | Build | Mining Camp |
| 13:50 | Create | Villager (Male) |
| 14:07 | Create | Villager (Male) |
| 14:25 | Create | Villager (Male) |
| 14:56 | Research | Feudal Age |
| 16:19 | Create | Villager (Male) |
| 16:20 | Create | Villager (Male) |
| 16:20 | Create | Villager (Male) |
| 17:14 | Age | Feudal Age |
| 17:28 | Research | Horse Collar |
| 17:33 | Research | Double-Bit Axe |
| 17:38 | Research | Gold Mining |
| 17:44 | Create | Villager (Male) |
| 17:44 | Create | Villager (Male) |
| 17:45 | Create | Villager (Male) |
| 18:22 | Build | Mining Camp |
| 18:29 | Create | Villager (Male) |
| 18:51 | Build | Market |
| 19:08 | Build | Blacksmith |
| 19:15 | Build | Barracks |
| 19:18 | Build | Barracks |
| 19:29 | Build | Barracks |
| 19:44 | Research | Stone Mining |
| 19:47 | Create | Villager (Male) |
| 19:48 | Create | Villager (Male) |
| 19:48 | Create | Villager (Male) |
| 19:48 | Create | Villager (Male) |
| 20:56 | Research | Castle Age |
| 21:11 | Research | Forging |
| 21:12 | Research | Scale Mail Armor |
| 21:45 | Create | Villager (Male) |
| 21:45 | Create | Villager (Male) |
| 21:45 | Create | Villager (Male) |
| 21:46 | Create | Villager (Male) |
| 23:02 | Research | Wheelbarrow |
| 23:03 | Research | Loom |
| 23:05 | Research | Town Watch |
| 23:07 | Create | Villager (Male) |
| 23:09 | Create | Villager (Male) |
| 23:10 | Create | Villager (Male) |
| 23:40 | Age | Castle Age |
| 23:46 | Build | Town Center |
| 23:53 | Build | Farm |
| 23:54 | Build | Farm |
| 23:56 | Build | Farm |
| 23:58 | Build | Farm |
| 23:59 | Build | Farm |
| 24:01 | Build | Farm |
| 24:03 | Build | Farm |
| 25:22 | Build | Lumber Camp |
| 25:31 | Create | Villager (Male) |
| 25:31 | Create | Villager (Male) |
| 25:44 | Create | Villager (Male) |
| 25:44 | Create | Villager (Male) |
| 25:44 | Create | Villager (Male) |
| 26:18 | Create | Villager (Male) |
| 26:53 | Research | Stone Shaft Mining |
| 27:09 | Build | Castle |
| 28:21 | Research | Hand Cart |
| 28:28 | Research | Bow Saw |
| 28:34 | Create | Villager (Male) |
| 28:35 | Create | Villager (Male) |
| 28:35 | Create | Villager (Male) |
| 29:14 | Research | Imperial Age |
| 30:14 | Research | Iron Casting |
| 30:15 | Research | Chain Mail Armor |
| 30:21 | Research | Anarchy |
| 30:35 | Build | Farm |
| 30:37 | Build | Farm |
| 30:38 | Build | Farm |
| 30:40 | Build | Farm |
| 30:41 | Build | Farm |
| 30:43 | Build | Farm |
| 30:49 | Create | Villager (Male) |
| 30:49 | Create | Villager (Male) |
| 30:49 | Create | Villager (Male) |
| 30:50 | Create | Villager (Male) |
| 30:54 | Create | Villager (Male) |
| 31:12 | Build | Lumber Camp |
| 31:41 | Create | Villager (Male) |
| 32:05 | Build | Town Center |
| 32:17 | Create | Villager (Male) |
Build order — Epicardo
First 150 of 628 actions detected
| 0:01 | Create | Villager (Male) |
| 0:02 | Build | House |
| 0:05 | Build | House |
| 0:07 | Build | House |
| 0:09 | Build | House |
| 0:29 | Create | Villager (Male) |
| 0:29 | Create | Villager (Male) |
| 0:29 | Create | Villager (Male) |
| 0:37 | Build | House |
| 1:00 | Create | Villager (Male) |
| 1:00 | Create | Villager (Male) |
| 1:01 | Create | Villager (Male) |
| 1:04 | Build | House |
| 1:39 | Create | Villager (Male) |
| 1:39 | Create | Villager (Male) |
| 1:39 | Create | Villager (Male) |
| 2:15 | Create | Villager (Male) |
| 2:15 | Create | Villager (Male) |
| 2:15 | Create | Villager (Male) |
| 2:48 | Create | Villager (Male) |
| 2:49 | Create | Villager (Male) |
| 2:49 | Create | Villager (Male) |
| 3:53 | Create | Villager (Male) |
| 3:53 | Create | Villager (Male) |
| 3:54 | Create | Villager (Male) |
| 4:28 | Create | Villager (Male) |
| 4:28 | Create | Villager (Male) |
| 4:28 | Create | Villager (Male) |
| 4:28 | Create | Villager (Male) |
| 4:28 | Create | Villager (Male) |
| 4:45 | Create | Villager (Male) |
| 4:45 | Create | Villager (Male) |
| 5:06 | Create | Villager (Male) |
| 5:06 | Create | Villager (Male) |
| 5:06 | Create | Villager (Male) |
| 6:14 | Build | Mill |
| 7:10 | Create | Villager (Male) |
| 7:39 | Create | Villager (Male) |
| 7:58 | Create | Villager (Male) |
| 8:18 | Build | Lumber Camp |
| 8:25 | Research | Loom |
| 8:51 | Research | Feudal Age |
| 8:51 | Research | Feudal Age |
| 9:17 | Build | Mining Camp |
| 10:08 | Build | Lumber Camp |
| 10:36 | Build | House |
| 10:54 | Build | Mining Camp |
| 11:04 | Age | Feudal Age |
| 11:04 | Build | House |
| 11:06 | Create | Villager (Male) |
| 11:09 | Research | Horse Collar |
| 11:09 | Research | Horse Collar |
| 11:16 | Research | Double-Bit Axe |
| 11:16 | Research | Double-Bit Axe |
| 11:22 | Build | House |
| 11:31 | Create | Villager (Male) |
| 11:59 | Create | Villager (Male) |
| 12:08 | Create | Villager (Male) |
| 12:20 | Build | Farm |
| 12:22 | Build | Farm |
| 12:29 | Build | Farm |
| 12:43 | Build | Farm |
| 12:50 | Create | Villager (Male) |
| 13:02 | Build | Farm |
| 13:12 | Create | Villager (Male) |
| 13:20 | Build | Farm |
| 13:21 | Build | Farm |
| 13:39 | Build | Farm |
| 13:46 | Create | Villager (Male) |
| 14:00 | Build | Market |
| 14:08 | Build | Blacksmith |
| 14:11 | Create | Villager (Male) |
| 14:11 | Create | Villager (Male) |
| 14:18 | Build | Farm |
| 14:29 | Build | Farm |
| 14:37 | Build | Farm |
| 14:45 | Build | Farm |
| 14:51 | Create | Villager (Male) |
| 14:58 | Build | Farm |
| 14:59 | Build | Farm |
| 15:03 | Create | Villager (Male) |
| 15:34 | Build | Farm |
| 15:52 | Create | Villager (Male) |
| 15:58 | Build | Farm |
| 16:10 | Build | House |
| 16:15 | Create | Villager (Male) |
| 16:18 | Research | Castle Age |
| 16:18 | Research | Castle Age |
| 16:25 | Build | Farm |
| 16:37 | Build | House |
| 16:52 | Build | Farm |
| 17:00 | Build | House |
| 17:25 | Build | House |
| 17:27 | Build | House |
| 17:55 | Build | House |
| 18:14 | Build | House |
| 18:16 | Build | House |
| 18:39 | Build | House |
| 18:40 | Build | House |
| 18:43 | Build | House |
| 18:43 | Build | House |
| 18:46 | Build | House |
| 18:56 | Create | Villager (Male) |
| 19:22 | Age | Castle Age |
| 19:31 | Build | Siege Workshop |
| 19:45 | Build | Siege Workshop |
| 19:48 | Create | Villager (Male) |
| 20:02 | Build | Siege Workshop |
| 20:07 | Build | Stone Wall |
| 20:13 | Create | Villager (Male) |
| 20:21 | Build | Stone Wall |
| 20:27 | Build | Gate |
| 20:32 | Build | House |
| 20:34 | Build | House |
| 20:35 | Build | House |
| 20:45 | Build | Town Center |
| 20:58 | Build | Town Center |
| 21:07 | Build | Town Center |
| 21:09 | Create | Villager (Male) |
| 21:09 | Create | Villager (Male) |
| 21:27 | Research | Stone Mining |
| 21:31 | Research | Bow Saw |
| 21:31 | Research | Bow Saw |
| 21:34 | Research | Heavy Plow |
| 21:34 | Research | Heavy Plow |
| 21:46 | Build | House |
| 21:53 | Create | Villager (Male) |
| 22:25 | Create | Villager (Male) |
| 22:25 | Create | Villager (Male) |
| 22:36 | Create | Scorpion ×2 |
| 22:47 | Create | Villager (Male) |
| 22:49 | Create | Villager (Male) |
| 22:49 | Create | Villager (Male) |
| 22:49 | Create | Villager (Male) |
| 22:51 | Create | Villager (Male) |
| 22:51 | Create | Villager (Male) |
| 22:51 | Create | Villager (Male) |
| 22:51 | Create | Villager (Male) |
| 22:51 | Create | Villager (Male) |
| 22:56 | Build | House |
| 22:57 | Build | House |
| 23:01 | Create | Scorpion |
| 23:23 | Research | Gold Mining |
| 23:23 | Research | Gold Mining |
| 23:30 | Create | Villager (Male) |
| 23:31 | Create | Villager (Male) |
| 23:49 | Create | Villager (Male) |
| 23:51 | Create | Villager (Male) |
| 23:53 | Create | Villager (Male) |
| 24:14 | Create | Mangonel |
Build order — Hamzah_IronX
First 150 of 1307 actions detected
| 0:01 | Create | Villager (Male) |
| 0:02 | Create | Villager (Male) |
| 0:02 | Create | Villager (Male) |
| 0:03 | Build | House |
| 0:05 | Build | House |
| 0:38 | Create | Villager (Male) |
| 0:38 | Create | Villager (Male) |
| 0:38 | Create | Villager (Male) |
| 1:32 | Create | Villager (Male) |
| 1:32 | Create | Villager (Male) |
| 1:46 | Build | Lumber Camp |
| 2:13 | Create | Villager (Male) |
| 2:14 | Create | Villager (Male) |
| 2:14 | Create | Villager (Male) |
| 2:50 | Create | Villager (Male) |
| 3:15 | Build | House |
| 3:22 | Create | Villager (Male) |
| 3:22 | Create | Villager (Male) |
| 3:46 | Create | Villager (Male) |
| 3:46 | Create | Villager (Male) |
| 4:23 | Create | Villager (Male) |
| 4:23 | Create | Villager (Male) |
| 4:58 | Create | Villager (Male) |
| 4:58 | Create | Villager (Male) |
| 5:21 | Build | House |
| 6:14 | Create | Villager (Male) |
| 6:15 | Create | Villager (Male) |
| 6:18 | Create | Villager (Male) |
| 6:28 | Build | Mill |
| 7:05 | Create | Villager (Male) |
| 7:35 | Build | Mining Camp |
| 7:53 | Create | Villager (Male) |
| 7:53 | Create | Villager (Male) |
| 7:58 | Create | Villager (Male) |
| 8:50 | Research | Feudal Age |
| 8:53 | Research | Loom |
| 9:04 | Build | Mining Camp |
| 9:58 | Build | House |
| 9:59 | Build | House |
| 10:01 | Build | House |
| 10:03 | Build | House |
| 10:06 | Build | House |
| 10:45 | Create | Villager (Male) |
| 10:46 | Create | Villager (Male) |
| 11:20 | Age | Feudal Age |
| 11:44 | Build | Market |
| 11:58 | Create | Villager (Male) |
| 11:59 | Create | Villager (Male) |
| 12:21 | Build | Watch Tower |
| 12:26 | Create | Villager (Male) |
| 12:27 | Create | Villager (Male) |
| 12:36 | Build | Blacksmith |
| 13:16 | Create | Villager (Male) |
| 13:16 | Create | Villager (Male) |
| 13:32 | Build | Mill |
| 14:21 | Build | Farm |
| 15:04 | Build | Farm |
| 15:09 | Build | Farm |
| 15:17 | Create | Villager (Male) |
| 15:56 | Build | Farm |
| 16:00 | Create | Villager (Male) |
| 16:20 | Research | Castle Age |
| 16:48 | Build | Farm |
| 16:56 | Build | Farm |
| 17:09 | Build | Barracks |
| 17:29 | Research | Double-Bit Axe |
| 17:32 | Research | Horse Collar |
| 18:15 | Build | House |
| 18:15 | Build | House |
| 18:15 | Build | House |
| 18:16 | Build | House |
| 18:16 | Build | House |
| 18:16 | Build | House |
| 18:17 | Build | House |
| 18:19 | Build | House |
| 18:20 | Build | House |
| 18:49 | Build | Mill |
| 19:06 | Age | Castle Age |
| 19:09 | Build | Castle |
| 19:13 | Create | Spearman |
| 19:14 | Create | Spearman |
| 19:14 | Create | Spearman |
| 19:19 | Create | Villager (Male) |
| 19:20 | Create | Villager (Male) |
| 19:20 | Create | Villager (Male) |
| 19:21 | Create | Villager (Male) |
| 20:23 | Build | Siege Workshop |
| 20:56 | Create | Villager (Male) |
| 20:56 | Create | Villager (Male) |
| 20:56 | Create | Villager (Male) |
| 20:57 | Create | Villager (Male) |
| 21:05 | Build | Town Center |
| 21:27 | Create | Jaguar Warrior |
| 21:27 | Create | Jaguar Warrior |
| 21:27 | Create | Jaguar Warrior |
| 21:27 | Create | Jaguar Warrior |
| 21:28 | Create | Jaguar Warrior |
| 21:28 | Create | Jaguar Warrior |
| 21:28 | Create | Jaguar Warrior |
| 21:28 | Create | Jaguar Warrior |
| 21:29 | Create | Jaguar Warrior |
| 21:34 | Create | Battering Ram |
| 21:35 | Create | Battering Ram |
| 21:49 | Build | House |
| 22:19 | Build | Farm |
| 22:29 | Build | Farm |
| 22:33 | Create | Villager (Male) |
| 22:33 | Create | Villager (Male) |
| 22:34 | Create | Villager (Male) |
| 22:45 | Build | Farm |
| 23:02 | Build | Farm |
| 23:03 | Build | Farm |
| 23:04 | Build | Farm |
| 23:04 | Build | Farm |
| 23:08 | Create | Villager (Male) |
| 23:08 | Create | Villager (Male) |
| 23:09 | Create | Villager (Male) |
| 23:09 | Create | Villager (Male) |
| 23:13 | Create | Villager (Male) |
| 23:14 | Create | Villager (Male) |
| 23:21 | Create | Jaguar Warrior |
| 23:21 | Create | Jaguar Warrior |
| 23:21 | Create | Jaguar Warrior |
| 23:58 | Create | Villager (Male) |
| 23:58 | Create | Villager (Male) |
| 23:59 | Create | Villager (Male) |
| 23:59 | Create | Villager (Male) |
| 24:06 | Create | Jaguar Warrior |
| 24:07 | Create | Jaguar Warrior |
| 24:41 | Build | Town Center |
| 24:45 | Create | Villager (Male) |
| 24:45 | Create | Villager (Male) |
| 24:52 | Create | Jaguar Warrior |
| 24:53 | Create | Jaguar Warrior |
| 24:56 | Create | Battering Ram |
| 24:56 | Create | Battering Ram |
| 26:01 | Create | Villager (Male) |
| 26:01 | Create | Villager (Male) |
| 26:04 | Create | Villager (Male) |
| 26:04 | Create | Villager (Male) |
| 26:06 | Build | Farm |
| 26:17 | Build | Farm |
| 26:18 | Build | Farm |
| 26:18 | Build | Farm |
| 26:19 | Build | Farm |
| 26:19 | Build | Farm |
| 26:20 | Build | Farm |
| 26:31 | Create | Villager (Male) |
| 26:31 | Create | Villager (Male) |
| 26:31 | Create | Villager (Male) |
Build order — ✪Louis
First 150 of 593 actions detected
| 0:05 | Build | House |
| 0:05 | Build | House |
| 0:16 | Build | House |
| 0:18 | Create | Villager (Male) |
| 0:18 | Research | Loom |
| 0:18 | Create | Villager (Male) |
| 0:19 | Create | Villager (Male) |
| 2:19 | Create | Villager (Male) |
| 2:19 | Create | Villager (Male) |
| 2:48 | Create | Villager (Male) |
| 2:49 | Create | Villager (Male) |
| 3:04 | Create | Villager (Male) |
| 3:04 | Create | Villager (Male) |
| 3:47 | Create | Villager (Male) |
| 3:48 | Create | Villager (Male) |
| 4:17 | Build | Mill |
| 4:34 | Create | Villager (Male) |
| 4:35 | Create | Villager (Male) |
| 5:01 | Create | Villager (Male) |
| 6:03 | Create | Villager (Male) |
| 6:03 | Create | Villager (Male) |
| 6:04 | Create | Villager (Male) |
| 6:36 | Build | House |
| 7:05 | Build | Mining Camp |
| 7:48 | Create | Villager (Male) |
| 7:49 | Create | Villager (Male) |
| 7:49 | Create | Villager (Male) |
| 7:51 | Create | Villager (Male) |
| 7:51 | Create | Villager (Male) |
| 8:24 | Create | Villager (Male) |
| 8:24 | Create | Villager (Male) |
| 9:03 | Build | Lumber Camp |
| 9:44 | Build | House |
| 10:20 | Research | Feudal Age |
| 10:25 | Build | House |
| 10:27 | Build | House |
| 11:08 | Build | Lumber Camp |
| 11:16 | Build | Farm |
| 11:40 | Build | Farm |
| 11:44 | Build | Farm |
| 11:58 | Build | Farm |
| 12:04 | Build | Farm |
| 12:54 | Age | Feudal Age |
| 12:56 | Research | Wheelbarrow |
| 12:57 | Research | Horse Collar |
| 13:00 | Build | Farm |
| 13:01 | Build | Farm |
| 13:03 | Create | Villager (Male) |
| 13:03 | Create | Villager (Male) |
| 13:29 | Research | Double-Bit Axe |
| 13:32 | Research | Gold Mining |
| 14:06 | Create | Villager (Male) |
| 14:07 | Create | Villager (Male) |
| 15:08 | Build | Barracks |
| 15:55 | Create | Villager (Male) |
| 15:55 | Create | Villager (Male) |
| 16:00 | Research | Town Watch |
| 16:09 | Create | Spearman |
| 16:12 | Create | Eagle Scout |
| 16:16 | Build | Archery Range |
| 16:24 | Build | Farm |
| 16:33 | Build | Blacksmith |
| 17:11 | Build | Archery Range |
| 17:19 | Build | Farm |
| 17:25 | Research | Fletching |
| 17:28 | Create | Villager (Male) |
| 17:28 | Create | Villager (Male) |
| 17:30 | Create | Villager (Male) |
| 17:30 | Create | Villager (Male) |
| 17:37 | Create | Archer |
| 17:38 | Create | Archer |
| 17:38 | Create | Archer |
| 17:41 | Create | Archer |
| 17:45 | Create | Eagle Scout |
| 17:45 | Create | Eagle Scout |
| 17:45 | Create | Eagle Scout |
| 17:53 | Build | Archery Range |
| 18:07 | Create | Villager (Male) |
| 18:08 | Create | Villager (Male) |
| 18:39 | Build | Outpost |
| 18:46 | Build | House |
| 18:47 | Build | House |
| 18:48 | Research | Forging |
| 19:39 | Build | Outpost |
| 19:47 | Create | Villager (Male) |
| 19:47 | Create | Villager (Male) |
| 19:48 | Create | Villager (Male) |
| 20:06 | Build | Watch Tower |
| 20:10 | Build | Mining Camp |
| 21:05 | Research | Stone Mining |
| 21:10 | Create | Villager (Male) |
| 21:10 | Create | Villager (Male) |
| 21:21 | Build | House |
| 21:22 | Build | House |
| 21:39 | Build | Archery Range |
| 21:40 | Build | Barracks |
| 21:41 | Build | Barracks |
| 21:49 | Research | Padded Archer Armor |
| 22:08 | Build | Farm |
| 22:09 | Build | Farm |
| 22:25 | Create | Villager (Male) |
| 22:25 | Create | Villager (Male) |
| 22:43 | Build | Farm |
| 22:54 | Build | Farm |
| 23:18 | Build | Farm |
| 24:07 | Build | Farm |
| 24:11 | Create | Villager (Male) |
| 24:11 | Create | Villager (Male) |
| 24:16 | Create | Spearman |
| 24:16 | Create | Spearman |
| 24:20 | Create | Spearman |
| 24:40 | Build | Farm |
| 24:44 | Build | House |
| 24:46 | Build | House |
| 25:06 | Research | Castle Age |
| 25:12 | Research | Scale Mail Armor |
| 25:18 | Build | Farm |
| 25:55 | Build | Lumber Camp |
| 26:32 | Create | Archer |
| 26:32 | Create | Archer |
| 26:32 | Create | Archer |
| 26:33 | Create | Archer |
| 26:33 | Create | Archer |
| 26:33 | Create | Archer |
| 26:33 | Create | Archer |
| 26:34 | Create | Archer |
| 26:35 | Create | Skirmisher |
| 26:36 | Create | Skirmisher |
| 26:36 | Create | Skirmisher |
| 26:36 | Create | Skirmisher |
| 26:37 | Create | Archer |
| 26:37 | Create | Archer |
| 26:37 | Create | Archer |
| 26:38 | Create | Archer |
| 26:38 | Create | Archer |
| 26:38 | Create | Skirmisher |
| 26:38 | Create | Skirmisher |
| 26:57 | Create | Eagle Scout |
| 26:57 | Create | Eagle Scout |
| 26:57 | Create | Eagle Scout |
| 27:02 | Create | Eagle Scout |
| 27:02 | Create | Eagle Scout |
| 27:02 | Create | Eagle Scout |
| 27:02 | Create | Eagle Scout |
| 27:32 | Build | Barracks |
| 27:34 | Build | Archery Range |
| 27:35 | Build | Archery Range |
| 27:46 | Age | Castle Age |
| 27:55 | Build | Town Center |
| 28:08 | Build | Castle |
Match timeline
| 11:04 | Epicardo · age_up feudal |
| 11:20 | Hamzah_IronX · age_up feudal |
| 11:45 | ChAp · age_up feudal |
| 12:28 | da_cops927 · age_up feudal |
| 12:54 | ✪Louis · age_up feudal |
| 15:08 | ✪Louis · first_building Barracks |
| 15:32 | da_cops927 · first_building Barracks |
| 16:00 | ChAp · first_building Barracks |
| 16:16 | ✪Louis · first_building Archery Range |
| 17:09 | Hamzah_IronX · first_building Barracks |
| 17:14 | jeanpierredelapuente · age_up feudal |
| 17:22 | da_cops927 · first_building Stable |
| 17:35 | da_cops927 · age_up castle |
| 18:24 | ChAp · first_building Stable |
| 19:06 | Hamzah_IronX · age_up castle |
| 19:09 | Hamzah_IronX · first_building Castle |
| 19:15 | jeanpierredelapuente · first_building Barracks |
| 19:22 | Epicardo · age_up castle |
| 19:31 | Epicardo · first_building Siege Workshop |
| 20:07 | Epicardo · wall_segment Stone Wall x1 |
| 20:21 | Epicardo · wall_segment Stone Wall x2 |
| 20:23 | Hamzah_IronX · first_building Siege Workshop |
| 21:55 | ChAp · age_up castle |
| 23:40 | jeanpierredelapuente · age_up castle |
| 24:15 | ChAp · first_building Castle |
| 25:34 | Epicardo · first_building Monastery |
| 27:00 | Epicardo · first_building Castle |
| 27:09 | jeanpierredelapuente · first_building Castle |
| 27:46 | ✪Louis · age_up castle |
| 28:08 | ✪Louis · first_building Castle |
| 28:52 | Epicardo · first_market_buy 100 food |
| 30:39 | ChAp · wall_segment Stone Wall x36 |
| 30:49 | Epicardo · wall_segment Stone Wall x3 |
| 30:53 | Epicardo · wall_segment Stone Wall x4 |
| 30:55 | Epicardo · wall_segment Stone Wall x5 |
| 31:11 | da_cops927 · first_building Monastery |
| 32:04 | Epicardo · age_up imperial |
| 32:34 | jeanpierredelapuente · age_up imperial |
| 32:36 | ChAp · first_building Siege Workshop |
| 33:58 | Hamzah_IronX · age_up imperial |
| 35:33 | da_cops927 · age_up imperial |
| 36:29 | ✪Louis · age_up imperial |
| 36:53 | jeanpierredelapuente · first_market_sell 100 wood |
| 39:29 | ChAp · age_up imperial |
| 40:17 | da_cops927 · first_market_sell 100 wood |
| 40:19 | Hamzah_IronX · first_market_buy 100 stone |
| 40:21 | Epicardo · first_building Barracks |
| 40:40 | da_cops927 · first_building Castle |
| 41:26 | Epicardo · first_building Archery Range |
| 45:44 | ChAp · wall_segment Stone Wall x1 |
| 46:29 | ChAp · first_building Monastery |
| 48:19 | Hamzah_IronX · first_market_sell 100 wood |
| 48:37 | jeanpierredelapuente · first_building Monastery |
| 49:46 | Hamzah_IronX · first_building Archery Range |
| 54:17 | Epicardo · wall_segment Stone Wall x9 |
| 57:55 | ✪Louis · resign |
| 72:52 | Hamzah_IronX · wall_segment Stone Wall x18 |
| 73:07 | Hamzah_IronX · wall_segment Stone Wall x9 |
| 73:23 | Epicardo · first_building Stable |
| 77:29 | Epicardo · wall_segment Stone Wall x11 |
| 77:40 | Epicardo · wall_segment Stone Wall x4 |
| 77:43 | Epicardo · wall_segment Stone Wall x2 |
| 78:39 | da_cops927 · first_market_buy 100 wood |
| 80:09 | Hamzah_IronX · wall_segment Stone Wall x8 |
| 80:10 | jeanpierredelapuente · first_building Siege Workshop |
[ AI ANALYSIS · 1 CREDIT ]
What really happened in this match?
Wolo.gg analyzes every decision: build order, eco, micro, common mistakes by bracket. Personalized analysis on WhatsApp or Discord in 30 seconds.
Civ guide
Franks
Map guide
Arena
Perfil
Jugador #5109964